 Dungeon Crawl Stone Soup version 0.26.0-41-g79a4fc7684 (webtiles) character file.

Game seed: 2344570661502077608

52 kaeus the Sneak (level 3, -5/23 HPs)
             Began as an Octopode Enchanter on Jan 27, 2021.
             Slain by a goblin
             ... wielding a +0 club
             ... led by Robin
              (9 damage)
             ... on level 2 of the Dungeon.
             The game lasted 00:01:13 (1718 turns).

kaeus the Sneak (Octopode Enchanter)                Turns: 1718, Time: 00:01:13

Health: -5/23      AC:  1    Str:  7    XL:     3   Next: 85%
Magic:  6/6        EV: 13    Int: 17    God:
Gold:   73         SH:  0    Dex: 13    Spells: 3/6 levels left

rFire    . . .     SeeInvis .   a - +1 dagger
rCold    . . .     Faith    .   (no shield)
rNeg     . . .     Spirit   .   (helmet restricted)
rPois    .         Reflect  .   (no amulet)
rElec    .         Harm     .   (no ring)
rCorr    .         Rampage  .   (no ring)
Will     .....                  (no ring)
Stlth    ++++......             (no ring)
HPRegen  0.07/turn              (no ring)
MPRegen  0.10/turn              (no ring)
                                (no ring)
                                (no ring)

@: no status effects
A: almost no armour, stealthy swim, amphibious, 8 rings, constrict 8, camouflage
1, gelatinous body 1
a: no special abilities


You were on level 2 of the Dungeon.
You visited 1 branch of the dungeon, and saw 2 of its levels.

You collected 73 gold pieces.

Inventory:

Hand Weapons
 a - a +1 dagger (weapon)
Jewellery
 f - an uncursed ring of willpower {unknown}
Scrolls
 e - 3 scrolls of random uselessness {unknown}
 g - a scroll of enchant armour {unknown}
 i - a scroll of teleportation {unknown}
 j - 2 scrolls of fear {unknown}
 k - 2 scrolls of remove curse {unknown}
Potions
 b - a potion of attraction {unknown}
 c - 3 potions of curing {unknown}
 d - 3 potions of brilliance {unknown}
 h - a potion of resistance {unknown}


   Skills:
 + Level 1.1 Fighting
 + Level 1.4 Short Blades
 + Level 2.2 Dodging
 * Level 5.0 Stealth
 + Level 2.3 Spellcasting
 + Level 3.1 Hexes


You had 3 spell levels left.
You knew the following spells:

 Your Spells              Type           Power        Failure   Level
a - Corona                Hex            13%          4%          1
b - Ensorcelled Hibernat  Hex/Ice        14%          14%         2

Your spell library contained the following spells:

 Spells                   Type           Power        Failure   Level
 Confusing Touch          Hex            12%          16%         3
 Tukima's Dance           Hex            12%          16%         3
 Dazzling Flash           Conj/Hex       14%          28%         3


Dungeon Overview and Level Annotations

Branches:
Dungeon (2/15)

Altars:
Nemelex Xobeh
Ru

Annotations:
D:2 Robin


Innate Abilities, Weirdness & Mutations

You cannot wear most types of armour.
You are very stealthy in the water. (Stealth+)
You are amphibious.
You can wear up to eight rings at the same time.
You can use your tentacles to constrict eight enemies at once.
Your skin changes colour to match your surroundings (Stealth+).
Your rubbery body absorbs attacks. (AC +1, EV +1)


Message History

A goblin comes into view. It is wielding a +0 club.
You hit Robin but do no damage. You squeeze Robin.
Robin is severely wounded.
You constrict Robin.
Robin roars a battlecry!
The goblins go into a battle-frenzy!
You hit Robin.
Robin is almost dead.
You constrict Robin, but do no damage. Robin throws the goblin at you!
The hobgoblin barely misses you. The goblin hits you.
* * * LOW HITPOINT WARNING * * *
You take 1 damage, and have 6/23 hp.
You hit the goblin.
You kill the goblin!
You constrict Robin. Robin throws the goblin at you!
* * * LOW HITPOINT WARNING * * *
The hobgoblin closely misses you.
You take 2 damage, and have 4/23 hp.
You release your grip on Robin.
The goblin hits you with a +0 club!
You die...

#.
##...##.#
#.
#..#.†...
#.
#.##[#.##
#.
#......#.
#g
##..##...
##.##
#...#..#
#.gg#
#.......
#.†)#
#.###...
#.g@#
#.####..
######.#
#.......
#......#
###.....
#......#
#.....
##......#
#.<...
#.[....##
#.....
#.#.#>.#
#.....
#.._..##
#.....
###.###
######


You could see Robin, a hobgoblin (strong) and 2 goblins.

Vanquished Creatures
  2 oozes (D:1)
  2 worms (D:2)
  2 giant cockroaches
  8 goblins
  6 hobgoblins
  7 bats
  A frilled lizard (D:2)
  4 kobolds
  3 rats
35 creatures vanquished.

Notes
Turn   | Place    | Note
-------+----------+-------------------------------------------
     0 | D:1      | kaeus the Octopode Enchanter began the quest for the Orb.
     0 | D:1      | Reached XP level 1. HP: 11/11 MP: 3/3
   292 | D:1      | Reached XP level 2. HP: 18/18 MP: 5/5
  1067 | D:1      | Reached XP level 3. HP: 11/22 MP: 6/6
  1070 | D:1      | Learned a level 2 spell: Ensorcelled Hibernation
  1511 | D:2      | Found a sacrificial altar of Ru.
  1581 | D:2      | Reached skill level 1 in Fighting
  1624 | D:2      | Reached skill level 5 in Stealth
  1691 | D:2      | Found a sparkling altar of Nemelex Xobeh.
  1702 | D:2      | Noticed Robin
  1718 | D:2      | Slain by a goblin

Illustrated notes

Levels and vault maps discovered:
D:1:      evilmike_arrival_rings, layout_basic
D:2:      layout_loops_ring, nicolae_overflow_crystal_walls,
          lemuel_coloured_pillars_altar, lemuel_crystal_altar,
          chequers_decorated_corner, minmay_tromino_v4_c, uniq_robin

Skill      XL: |  1  2  3 |
---------------+----------+-----
Fighting       | 1 |  1.1
Stealth        | 5 |  5.0
Short Blades   | |  1.4
Dodging        | |  2.2
Spellcasting   | |  2.3
Hexes          | |  3.1

Action                   || total
-------------------------++-------
Melee: Dagger            ||    84
       Constrict         ||    18
       Tentacles         ||     9
 Stab: Sleeping          ||     9
       Distracted        ||     2
Armor: Skin              ||     8
Dodge: Dodged            ||    54
